 Dungeon Crawl Stone Soup version 0.20.0 (webtiles) character file.

53 Gallahalt the Firebug (level 3, -3/19 HPs)
             Began as a Deep Elf Fire Elementalist on June 3, 2017.
             Killed from afar by Natasha (8 damage)
             ... with a magic dart
             ... on level 2 of the Dungeon.
             The game lasted 00:05:53 (1403 turns).

Gallahalt the Firebug (Deep Elf Fire Elementalist)  Turns: 1403, Time: 00:05:54

Health: -3/19      AC:  2    Str:  5    XL:     3   Next: 64%
Magic:  10/10      EV: 13    Int: 20    God:
Gold:   22         SH:  0    Dex: 15    Spells: 8/9 levels left

rFire    . . .     SeeInvis .   m - +0 dagger (speed)
rCold    . . .     Gourm    .   (no shield)
rNeg     . . .     Faith    .   a - +0 robe
rPois    .         Spirit   .   (no helmet)
rElec    .         Reflect  .   (no cloak)
rCorr    .         Harm     .   (no gloves)
MR       .....                  (no boots)
Stlth    ++........             (no amulet)
Regen    0.1/turn               (no ring)
MPRegen  0.2/turn               (no ring)

@: very slightly contaminated
A: no striking features
a: no special abilities


You were on level 2 of the Dungeon.
You were not hungry.

You visited 1 branch of the dungeon, and saw 2 of its levels.

You collected 22 gold pieces.

Inventory:

Hand Weapons
 i - a +0 spear
 m - a +0 dagger of speed (weapon)
 n - a +0 whip
Armour
 a - a +0 robe (worn)
Jewellery
 l - a cursed ring of teleportation {unknown}
Scrolls
 d - 2 scrolls of identify {unknown}
 e - 2 scrolls of remove curse {unknown}
 g - a scroll of immolation {unknown}
 h - a scroll of random uselessness {unknown}
 j - a scroll of teleportation {unknown}
Potions
 f - a potion of brilliance {unknown}
Books
 b - a book of Flames

   Spells                             Type                      Level
   a - Flame Tongue                   Conjuration/Fire             1
   b - Throw Flame                    Conjuration/Fire             2
   c - Conjure Flame                  Conjuration/Fire             3
   d - Inner Flame                    Hexes/Fire                   3
   e - Sticky Flame                   Conjuration/Fire             4
   f - Fireball                       Conjuration/Fire             5
Comestibles
 k - a royal jelly
 o - 2 chunks of flesh


   Skills:
 + Level 3.1 Dodging
 + Level 2.5 Stealth
 + Level 3.9 Spellcasting
 + Level 1.4 Conjurations
 + Level 4.1 Fire Magic


You had 8 spell levels left.
You knew the following spells:

 Your Spells              Type           Power        Failure   Level  Hunger
a - Flame Tongue          Conj/Fire      ###..        4%          1    None


Dungeon Overview and Level Annotations

Branches:
Dungeon (2/15)

Altars:
The Shining One

Annotations:
D:2 Natasha


Message History

Natasha barely misses you. Natasha misses you.
There is a stone staircase leading up here.
You can't go down here!
Natasha misses you.
You climb upwards.
There is a stone staircase leading down here.
Natasha stares at you and mumbles some strange words.
The magic dart hits you! Natasha barely misses you.
There is a stone staircase leading down here.
Natasha claws you.
* * * LOW HITPOINT WARNING * * *
You climb downwards.
There is a stone staircase leading up here.
Natasha mumbles some strange words.
Natasha casts a spell.
Natasha stares at you and mumbles some strange words.
The magic dart hits you!
You die...

#.........####.##..# #
##..#..#........##..#####
...#..................##
#.##.##5#############.##
#.###.##.##h# #.##
#.....).....# #.##
#####.##.##.# ##.#.
#.##.##.### #....
#.##...@..# ##.#.
#.#######.# #.## #.# #.#
#<## ..# #.# #.# ..# #.#
#.# ... ..# ### ###


You could see Natasha and a crimson imp.

Vanquished Creatures
  An adder (D:2)
  2 oozes
  A worm (D:2)
  3 dart slugs
  2 bats (D:1)
  2 giant cockroaches
  5 kobolds
  3 frilled lizards
  6 goblins
  7 rats
32 creatures vanquished.

Notes
Turn   | Place    | Note
-------+----------+-------------------------------------------
     0 | D:1      | Gallahalt the Deep Elf Fire Elementalist began the quest for the Orb.
     0 | D:1      | Reached XP level 1. HP: 10/10 MP: 6/6
   176 | D:1      | Reached XP level 2. HP: 15/15 MP: 4/8
  1054 | D:2      | Reached XP level 3. HP: 19/19 MP: 6/10
  1109 | D:2      | Found a glowing golden altar of the Shining One.
  1118 | D:2      | Reached skill level 4 in Fire Magic
  1219 | D:2      | Noticed Natasha
  1403 | D:2      | Killed from afar by Natasha

Skill      XL: |  1  2  3 |
---------------+----------+-----
Dodging        | 3 |  3.1
Fire Magic     | 4 |  4.1
Stealth        | |  2.5
Spellcasting   | |  3.9
Conjurations   | |  1.4

Action                   || total
-------------------------++-------
 Cast: Flame Tongue      ||    53
  Eat: Bread ration      ||     1
Armor: Robe              ||     1
Dodge: Dodged            ||    15
